[Event "Titled Tuesday Blitz January 31 Late 2023"]
[White "Papp, Petra"]
[Black "Fernandez Guillen, Ernesto J."]
[WhiteFideId "739049"]
[BlackFideId "3512428"]
[WhiteElo "2343"]
[BlackElo "2477"]
[Result "0-1"]
[Round "01"]
[TimeControl "180+2"]
[Date "2023.01.31"]
[WhiteClock "0:01:26"]
[BlackClock "0:01:13"]

1. e4 e5 2. Nf3 Nc6 3. d4 exd4 4. Nxd4 g6 5. Nc3 Bg7 6. Be3 Nge7 7. f3 O-O 8. Qd2 d5 9. exd5 Nxd5 10. Nxd5 Qxd5 11. O-O-O Qxa2 12. c3 Na5 13. Kc2 c5 14. Nb5 Bf5+ 15. Bd3 Rad8 16. Na3 Rxd3 17. Qxd3 Qb3+ 18. Kc1 Bxd3 19. Rxd3 Nc4 20. Nxc4 Qxc4 21. Rhd1 h6 22. Kc2 b6 23. b3 Qa6 24. Kb2 c4 25. Rd7 Qb5 26. b4 Qxb4+ 0-1


[Site "https://www.chess.com"]

[Event "Titled Tuesday Blitz January 31 Late 2023"]
[White "Santos Ruiz, Miguel"]
[Black "Ansh M Shah"]
[WhiteFideId "22291482"]
[BlackFideId "25033379"]
[WhiteElo "2590"]
[BlackElo "2171"]
[Result "1-0"]
[Round "01"]
[TimeControl "180+2"]
[Date "2023.01.31"]
[WhiteClock "0:01:01"]
[BlackClock "0:00:03"]

1. e4 c6 2. d4 d5 3. exd5 cxd5 4. Bd3 Nc6 5. c3 Nf6 6. Bf4 Bg4 7. Nf3 Bxf3 8. Qxf3 e6 9. O-O Bd6 10. Nd2 Bxf4 11. Qxf4 O-O 12. Nf3 Rc8 13. Rfe1 Qc7 14. Qh4 h6 15. Ne5 Nxe5 16. Rxe5 a6 17. Rae1 b5 18. a3 Rfe8 19. f4 Rb8 20. Qg3 a5 21. f5 Qb6 22. fxe6 Rxe6 23. Rxe6 fxe6 24. Rxe6 Qxe6 25. Qxb8+ Kf7 26. Qe5 Qg4 27. Qe2 Qd7 28. Bxb5 Qb7 29. a4 Ne4 30. Bd3 Nf6 31. Bc2 Kf8 32. Bd3 Qb6 33. Bb5 Qd6 34. g3 Qc7 35. Qe5 Qd8 36. b4 axb4 37. cxb4 Kg8 38. a5 Kh8 39. a6 Qf8 40. a7 Qxb4 41. a8=Q+ Kh7 42. Bd3+ g6 43. Qc7+ 1-0


[Site "https://www.chess.com"]

[Event "Titled Tuesday Blitz January 31 Late 2023"]
[White "Dudzinski, Pawel"]
[Black "Mekhitarian, Krikor Sevag"]
[WhiteFideId "1117890"]
[BlackFideId "2107660"]
[WhiteElo "2186"]
[BlackElo "2537"]
[Result "0-1"]
[Round "01"]
[TimeControl "180+2"]
[Date "2023.01.31"]
[WhiteClock "0:00:20"]
[BlackClock "0:01:13"]

1. e4 c5 2. c4 Nc6 3. Nc3 g6 4. g3 Bg7 5. Bg2 d6 6. Rb1 h5 7. h3 h4 8. g4 g5 9. d3 e6 10. Nge2 Bf6 11. Be3 Nge7 12. d4 cxd4 13. Nxd4 a6 14. Qd2 Nxd4 15. Bxd4 Ng6 16. O-O Nf4 17. Bxf6 Qxf6 18. Ne2 Nxe2+ 19. Qxe2 e5 20. Rfd1 Ke7 21. Qf3 Qxf3 22. Bxf3 Be6 23. b3 Rhc8 24. Rdc1 a5 25. a4 Ra6 26. Rc3 Rb6 27. Rbc1 Rb4 28. Bd1 Rc6 29. f3 Kd7 30. Kf2 Kc7 31. Ke3 Kb6 32. Bc2 Kc5 33. Rd3 Rcb6 34. Rcd1 Rc6 35. Rd5+ Bxd5 36. Rxd5+ Kb6 37. Rb5+ Rxb5 38. axb5 Rc8 39. Bd3 Kc5 40. Be2 Kb4 41. Bd1 a4 42. bxa4 Rxc4 43. Kd3 Rc3+ 44. Ke2 Ra3 45. Kd2 b6 46. Bc2 f6 47. Bd1 Rxa4 48. Bxa4 Kxa4 49. f4 exf4 50. Kd3 Kxb5 51. e5 dxe5 52. Ke4 Kc4 53. Kf5 f3 54. Kxf6 f2 55. Kg7 f1=Q 56. Kh8 Kd5 0-1


[Site "https://www.chess.com"]

[Event "Titled Tuesday Blitz January 31 Late 2023"]
[White "Sanchez, Robert"]
[Black "Stoyanov, Tsvetan"]
[WhiteFideId "2034360"]
[BlackFideId "2917173"]
[WhiteElo "1966"]
[BlackElo "2454"]
[Result "1-0"]
[Round "01"]
[TimeControl "180+2"]
[Date "2023.01.31"]
[WhiteClock "0:00:22"]
[BlackClock "0:00:03"]

1. e4 c5 2. Nf3 d6 3. d4 cxd4 4. Nxd4 Nf6 5. Nc3 a6 6. Be3 e5 7. Nb3 Be6 8. f3 h5 9. Qd2 Nbd7 10. O-O-O b5 11. Kb1 Rc8 12. Nd5 Nxd5 13. exd5 Bf5 14. Bd3 Bxd3 15. cxd3 Be7 16. Na5 O-O 17. Nc6 Qe8 18. g4 hxg4 19. Rdg1 Nf6 20. Nxe7+ Qxe7 21. Bg5 e4 22. fxe4 Nxe4 23. dxe4 Qxe4+ 24. Ka1 Rc2 25. Qe3 Qxd5 26. h3 f6 27. Bh6 Rfc8 28. Bxg7 Kf7 29. Bxf6 Re8 30. Qh6 Ree2 31. Qg7+ Ke6 32. Qg8+ 1-0


[Site "https://www.chess.com"]

[Event "Titled Tuesday Blitz January 31 Late 2023"]
[White "Zeman, Matyas"]
[Black "Bilych, Olexiy"]
[WhiteFideId "364398"]
[BlackFideId "14156504"]
[WhiteElo "2296"]
[BlackElo "2441"]
[Result "1/2-1/2"]
[Round "01"]
[TimeControl "180+2"]
[Date "2023.01.31"]
[WhiteClock "0:00:26"]
[BlackClock "0:00:06"]

1. d4 d5 2. Bf4 Nf6 3. Nc3 c5 4. e4 Nxe4 5. Nxe4 dxe4 6. dxc5 Qa5+ 7. c3 Qxc5 8. Qa4+ Nc6 9. Qxe4 g6 10. Nf3 Bg7 11. Qe3 Qxe3+ 12. Bxe3 Be6 13. Be2 O-O 14. O-O Rab8 15. Rfd1 Rfc8 16. Nd4 Nxd4 17. Bxd4 Bxd4 18. Rxd4 b5 19. a3 a5 20. Bf3 Kf8 21. h4 h6 22. Rad1 Kg7 23. Re1 Rd8 24. Red1 Rdc8 25. Re1 Rc7 26. Be4 Rc4 27. Rxc4 bxc4 28. Re2 Rd8 29. Kf1 g5 30. hxg5 hxg5 31. Ke1 Kf6 32. Rd2 Rxd2 33. Kxd2 Ke5 34. Ke3 f5 35. Bc6 f4+ 36. Kd2 Bd5 37. Bb5 Bxg2 38. Bxc4 g4 39. b4 axb4 40. cxb4 Kd4 41. Be6 Bf3 42. Ke1 Ke5 43. Bc8 Kd4 44. Be6 Ke5 45. Bc8 Kd6 46. a4 e5 47. a5 Kc7 48. Be6 Kc6 49. Bc4 Be4 50. Ke2 Bf5 51. Bd3 e4 52. Bc4 Bc8 53. a6 Kb6 54. b5 Bf5 55. Ke1 Bg6 56. Be6 Bh5 57. Bf5 Be8 58. Bxe4 Bxb5 59. Bb7 Bxa6 60. Bxa6 Kxa6 61. Kd2 Kb5 62. Kd3 Kc5 63. Ke4 g3 64. fxg3 fxg3 65. Kf3 g2 66. Kxg2 1/2-1/2


[Site "https://www.chess.com"]

[Event "Titled Tuesday Blitz January 31 Late 2023"]
[White "Corrales Jimenez, Fidel"]
[Black "Villarreal, Agustin"]
[WhiteFideId "3506690"]
[BlackFideId "125687"]
[WhiteElo "2489"]
[BlackElo "2299"]
[Result "1-0"]
[Round "01"]
[TimeControl "180+2"]
[Date "2023.01.31"]
[WhiteClock "0:01:17"]
[BlackClock "0:01:41"]

1. e4 e5 2. Nf3 Nc6 3. Bb5 Nf6 4. O-O a6 5. Ba4 b5 6. Bb3 Bc5 7. d3 d6 8. a3 h6 9. Be3 Bxe3 10. fxe3 O-O 11. Nbd2 Be6 12. Qe1 Bxb3 13. Nxb3 Ne7 14. Nh4 Ng6 15. Nf5 d5 16. exd5 Nxd5 17. Qg3 Qg5 18. Qf3 c6 19. Nc5 Nh4 20. Nxh4 Qxh4 21. Nd7 Rfe8 22. Qxf7+ Kh8 23. Qg6 Re7 24. Nf8 Nf6 25. Qxf6 Qxf6 26. Rxf6 Kg8 27. Ng6 1-0


[Site "https://www.chess.com"]

[Event "Titled Tuesday Blitz January 31 Late 2023"]
[White "Vaglio Mattey, Emanuel"]
[Black "Preotu, Razvan"]
[WhiteFideId "6504167"]
[BlackFideId "2613280"]
[WhiteElo "2155"]
[BlackElo "2475"]
[Result "0-1"]
[Round "01"]
[TimeControl "180+2"]
[Date "2023.01.31"]
[WhiteClock "0:00:38"]
[BlackClock "0:00:19"]

1. d4 Nf6 2. Nf3 g6 3. Bg5 Bg7 4. Nbd2 d5 5. e3 O-O 6. c3 Nbd7 7. Be2 Re8 8. O-O e5 9. dxe5 Nxe5 10. Nxe5 Rxe5 11. Nf3 Re8 12. c4 h6 13. Bxf6 Bxf6 14. cxd5 Bxb2 15. Rb1 Bg7 16. Qb3 Bf5 17. Rbc1 Rb8 18. Rfd1 Qd6 19. Nd4 Bd7 20. Bb5 Red8 21. Bxd7 Rxd7 22. Nb5 Qb6 23. e4 a6 24. Nc3 Qxb3 25. axb3 c6 26. Na4 cxd5 27. Nb6 Rd6 28. Nxd5 Re6 29. f3 Bf8 30. Rc4 b5 31. Rc7 a5 32. Ra1 Ra6 33. Ra2 a4 34. bxa4 bxa4 35. Kf1 a3 36. Rcc2 Rb1+ 37. Ke2 Rg1 38. Kf2 Rh1 39. h3 Kg7 40. e5 Ra5 41. Rd2 Bc5+ 42. Ke2 Rg1 43. Kd3 Bf8 44. f4 Rxd5+ 45. Ke4 Rxd2 46. Rxd2 Rb1 47. Ra2 Rb2 48. Ra1 Rxg2 49. Kf3 Rb2 50. Ke3 a2 51. Kd3 Rh2 52. Kc3 Rxh3+ 53. Kc2 Ra3 54. Kb2 h5 55. Kc2 h4 56. Kd2 h3 57. Ke2 h2 58. Kf2 h1=Q 59. Rxh1 a1=Q 60. Rxa1 Rxa1 61. Kf3 Ra3+ 62. Kf2 Kh6 63. Kg2 Kh5 64. f5 gxf5 0-1


[Site "https://www.chess.com"]

[Event "Titled Tuesday Blitz January 31 Late 2023"]
[White "Grot, Blazej"]
[Black "Jaracz, Pawel"]
[WhiteFideId "21835845"]
[BlackFideId "1102222"]
[WhiteElo "1990"]
[BlackElo "2467"]
[Result "0-1"]
[Round "01"]
[TimeControl "180+2"]
[Date "2023.01.31"]
[WhiteClock "0:00:04"]
[BlackClock "0:00:17"]

1. e4 e6 2. d3 d5 3. Nd2 Nc6 4. Ngf3 Bc5 5. Be2 Nge7 6. O-O O-O 7. c3 e5 8. Qc2 a5 9. a3 a4 10. Re1 Be6 11. Bf1 d4 12. cxd4 Bxd4 13. Nc4 Bg4 14. Be2 Bxf3 15. Bxf3 Ba7 16. Be3 Nd4 17. Bxd4 Bxd4 18. Rac1 c6 19. b3 axb3 20. Qxb3 b5 21. Ne3 g6 22. Rc2 Qd6 23. Ra2 Ra4 24. Nc2 Rfa8 25. h3 Kg7 26. Bd1 Bc5 27. Be2 Nc8 28. g3 Nb6 29. Kg2 Nd7 30. h4 h5 31. Qb2 Bd4 32. Qc1 Nc5 33. Qd2 Bxf2 34. Rf1 Bxg3 35. Qg5 Bf4 36. Rxf4 exf4 37. Ra1 Ne6 38. e5 Qd5+ 39. Bf3 Nxg5 40. Bxd5 cxd5 41. hxg5 b4 42. Kf3 bxa3 43. d4 a2 44. Kxf4 Rc4 45. Ne3 Rxd4+ 46. Kf3 Ra3 47. Kf2 Rf4+ 48. Kg3 Re4 49. Kf2 Rexe3 50. e6 fxe6 51. Kg2 Reb3 52. Kh2 Rb2+ 53. Kh1 h4 54. Rf1 a1=Q 55. Kg1 Qxf1+ 56. Kxf1 Ra1# 0-1


[Site "https://www.chess.com"]

[Event "Titled Tuesday Blitz January 31 Late 2023"]
[White "Khoroshev, Nikita"]
[Black "marik_spb"]
[WhiteFideId "14200287"]
[WhiteElo "2336"]
[BlackElo "2323"]
[Result "1-0"]
[Round "01"]
[TimeControl "180+2"]
[Date "2023.01.31"]
[WhiteClock "0:00:49"]
[BlackClock "0:00:07"]

1. e4 c6 2. Nf3 d5 3. Nc3 dxe4 4. Nxe4 Nf6 5. Nxf6+ exf6 6. Bc4 Bd6 7. Qe2+ Qe7 8. Qxe7+ Kxe7 9. O-O Be6 10. Re1 Re8 11. Nd4 Kd7 12. Nxe6 fxe6 13. d4 b5 14. Bd3 g6 15. a3 Na6 16. b3 Nc7 17. c4 a6 18. Bd2 e5 19. dxe5 Bxe5 20. Rad1 Rad8 21. Ba5 Kc8 22. g3 Kb7 23. a4 Bd4 24. cxb5 Rxe1+ 25. Rxe1 cxb5 26. Be4+ Kb8 27. Kg2 Re8 28. Bc6 Rxe1 29. Bxe1 bxa4 30. bxa4 Ne6 31. Ba5 Be5 32. f4 Bc7 33. Bc3 Bd8 34. Kf3 Kc7 35. Be8 Kd6 36. Bb4+ Nc5 37. Ke3 a5 38. Ba3 Kd5 39. Bf7+ Kc6 40. Kd4 Nd7 41. Bd5+ Kc7 42. Bg8 h6 43. g4 Kc6 44. Bd5+ Kc7 45. Bf7 g5 46. f5 Kc6 47. Be8 Bb6+ 48. Kc4 Bg1 49. h3 Kc7 50. Bxd7 Kxd7 51. Kd5 Bb6 52. Bb2 Bd8 53. Bd4 Kc7 54. Ke6 Kc6 55. Bxf6 Bxf6 56. Kxf6 1-0


[Site "https://www.chess.com"]

[Event "Titled Tuesday Blitz January 31 Late 2023"]
[White "Kraus, Tomas"]
[Black "Harshavardhan G B"]
[WhiteFideId "331708"]
[BlackFideId "25059009"]
[WhiteElo "2473"]
[BlackElo "2408"]
[Result "0-1"]
[Round "01"]
[TimeControl "180+2"]
[Date "2023.01.31"]
[WhiteClock "0:00:04"]
[BlackClock "0:00:35"]

1. e4 c5 2. Ne2 d6 3. g3 Nf6 4. Bg2 Nc6 5. O-O g6 6. c3 Bg7 7. d4 cxd4 8. cxd4 O-O 9. Nbc3 e5 10. d5 Ne7 11. h3 Nd7 12. f4 f5 13. Kh2 Nc5 14. fxe5 Bxe5 15. Bh6 Rf7 16. Nf4 fxe4 17. Bg5 Qf8 18. Nxe4 Nxe4 19. Bxe4 Bxb2 20. Rb1 Be5 21. Ne6 Bxe6 22. dxe6 Rf2+ 23. Bg2 Rxf1 24. Qxf1 Nf5 25. Rxb7 Nxg3 26. Qf7+ Qxf7 27. exf7+ Kg7 28. Re7 Rf8 29. Rxe5 dxe5 30. Kxg3 Rxf7 31. Bd5 Rd7 32. Bb3 Rd3+ 33. Kg2 h6 34. Be7 e4 35. Bc5 a6 36. h4 Kf6 37. Ba3 Kf5 38. Bc1 g5 39. hxg5 hxg5 40. Ba3 a5 41. Bc5 Kf4 42. Bb6 Rd2+ 43. Kf1 a4 44. Bxa4 Rxa2 45. Bc7+ Ke3 46. Bd1 Rb2 47. Bd8 Rb5 48. Bc7 Rf5+ 49. Ke1 Rd5 50. Bb6+ Kf4 51. Bc7+ Kf5 52. Bb6 g4 53. Be2 Rd6 54. Be3 g3 55. Kf1 Rc6 56. Kg2 Rc2 57. Kf1 g2+ 58. Kxg2 Rxe2+ 59. Bf2 e3 0-1


[Site "https://www.chess.com"]

[Event "Titled Tuesday Blitz January 31 Late 2023"]
[White "Melikhov, Evgeny V."]
[Black "Cardoso Cardoso, Jose Gabriel"]
[WhiteFideId "4122046"]
[BlackFideId "4430492"]
[WhiteElo "2269"]
[BlackElo "2492"]
[Result "0-1"]
[Round "01"]
[TimeControl "180+2"]
[Date "2023.01.31"]
[WhiteClock "0:00:01"]
[BlackClock "0:00:04"]

1. d4 Nf6 2. c4 g6 3. Nc3 Bg7 4. e4 d6 5. f3 O-O 6. Be3 c5 7. Nge2 cxd4 8. Nxd4 Nc6 9. Be2 Nxd4 10. Bxd4 Be6 11. O-O a5 12. Rc1 Nd7 13. Bxg7 Kxg7 14. Qd4+ Kg8 15. Nd5 a4 16. Rfd1 Rc8 17. b4 axb3 18. axb3 Bxd5 19. cxd5 Qb6 20. Qxb6 Nxb6 21. Kf2 Kg7 22. Ke3 f5 23. Bd3 fxe4 24. fxe4 Nd7 25. Be2 Ne5 26. b4 h5 27. b5 h4 28. b6 Ra8 29. Rc7 Ra3+ 30. Bd3 Rf7 31. Rxb7 Rb3 32. Rb8 Nc4+ 33. Kd4 Rxb6 34. Rxb6 Nxb6 35. Rf1 Rxf1 36. Bxf1 Kf6 37. g3 g5 38. gxh4 gxh4 39. Be2 Nd7 40. Bd1 Kg5 41. Be2 Kf4 42. Bd1 Nf6 43. Bc2 Ng4 44. Bd1 Nxh2 45. Be2 Nf3+ 0-1


[Site "https://www.chess.com"]

[Event "Titled Tuesday Blitz January 31 Late 2023"]
[White "Bon, Michael"]
[Black "Costachi, Mihnea"]
[WhiteFideId "620696"]
[BlackFideId "1217518"]
[WhiteElo "2394"]
[BlackElo "2476"]
[Result "1-0"]
[Round "01"]
[TimeControl "180+2"]
[Date "2023.01.31"]
[WhiteClock "0:00:27"]
[BlackClock "0:00:43"]

1. e4 e5 2. Nc3 Nf6 3. Nf3 Nc6 4. Bb5 Nd4 5. Bc4 Bc5 6. Nxe5 Qe7 7. Nf3 d5 8. Nxd5 Nxd5 9. Bxd5 Bg4 10. c3 Nxf3+ 11. gxf3 Bh3 12. Qa4+ Bd7 13. Qc2 O-O-O 14. d4 Bb6 15. Be3 Bh3 16. Rg1 f5 17. Bg5 Qd6 18. Bxd8 Rxd8 19. Rg3 Qh6 20. Qd2 f4 21. Rg1 c6 22. Bb3 g5 23. O-O-O Qf6 24. e5 Qe7 25. Bc2 h6 26. Qd3 Be6 27. Kb1 Bd5 28. Qf5+ Kb8 29. Be4 Rf8 30. Qg6 Bxe4+ 31. fxe4 Rh8 32. Qd6+ Qxd6 33. exd6 Kc8 34. e5 Kd7 35. f3 Ke6 36. h4 Rg8 37. hxg5 hxg5 38. Rh1 g4 39. fxg4 Rxg4 40. Rh6+ Kd5 41. d7 Rg8 42. Rd6+ Ke4 43. e6 Bd8 44. e7 Bxe7 45. Re6+ Kd5 46. Rxe7 Kd6 47. Re8 Rxe8 48. dxe8=Q 1-0


[Site "https://www.chess.com"]

[Event "Titled Tuesday Blitz January 31 Late 2023"]
[White "Sai Han Thiha"]
[Black "Oganian, Miran"]
[WhiteFideId "13012290"]
[BlackFideId "4122488"]
[WhiteElo "2070"]
[BlackElo "2439"]
[Result "0-1"]
[Round "01"]
[TimeControl "180+2"]
[Date "2023.01.31"]
[WhiteClock "0:00:03"]
[BlackClock "0:01:42"]

1. d4 e6 2. c4 d5 3. Nc3 a6 4. cxd5 exd5 5. Nf3 Nf6 6. Bg5 c6 7. e3 Nbd7 8. Bd3 Be7 9. O-O O-O 10. Qc2 Re8 11. h3 Nf8 12. Bf4 Ng6 13. Bh2 Bd6 14. Bxd6 Qxd6 15. Rfe1 Bd7 16. Rad1 Re7 17. a3 Rae8 18. Nd2 Nh4 19. b4 Kh8 20. Na4 Ne4 21. Nxe4 dxe4 22. Bf1 Qg6 23. Kh1 Qd6 24. Qc5 Qh6 25. Rc1 Re6 26. Qc2 Rg6 27. Nb6 Bxh3 28. gxh3 Nf3 29. Bg2 Nh4 30. Rg1 Nxg2 31. Rxg2 Qxh3+ 32. Rh2 Qf3+ 0-1


[Site "https://www.chess.com"]

[Event "Titled Tuesday Blitz January 31 Late 2023"]
[White "Wieczorek, Oskar"]
[Black "Sarkar, Justin"]
[WhiteFideId "1133950"]
[BlackFideId "2010011"]
[WhiteElo "2512"]
[BlackElo "2309"]
[Result "1-0"]
[Round "01"]
[TimeControl "180+2"]
[Date "2023.01.31"]
[WhiteClock "0:00:15"]
[BlackClock "0:00:02"]

1. e4 a5 2. d4 c6 3. Bd3 d6 4. Nf3 Nf6 5. O-O Bg4 6. h3 Bh5 7. Nbd2 e6 8. Re1 Be7 9. Nf1 O-O 10. Ng3 Bg6 11. Nh4 d5 12. Nxg6 hxg6 13. c3 dxe4 14. Nxe4 Nxe4 15. Bxe4 a4 16. g3 Nd7 17. h4 Nf6 18. Bc2 b5 19. Bg5 c5 20. dxc5 Bxc5 21. Qe2 Qb6 22. a3 Rad8 23. Rad1 Rxd1 24. Rxd1 Nd5 25. Be4 Nf6 26. Bf3 e5 27. Bxf6 Qxf6 28. Kg2 Re8 29. Be4 Ba7 30. Rd7 Re7 31. Rd8+ 1-0


[Site "https://www.chess.com"]

[Event "Titled Tuesday Blitz January 31 Late 2023"]
[White "Semenenko, Dmytry"]
[Black "Dourerassou, Jonathan"]
[WhiteFideId "14118645"]
[BlackFideId "628050"]
[WhiteElo "2113"]
[BlackElo "2414"]
[Result "0-1"]
[Round "01"]
[TimeControl "180+2"]
[Date "2023.01.31"]
[WhiteClock "0:00:28"]
[BlackClock "0:01:24"]

1. Nf3 Nf6 2. c4 g6 3. d4 Bg7 4. Nc3 d5 5. e3 O-O 6. Be2 dxc4 7. Bxc4 a6 8. O-O b5 9. Bd3 Bb7 10. a3 Nbd7 11. e4 c5 12. d5 c4 13. Bc2 Nc5 14. Be3 Rc8 15. Nd4 Qd7 16. f3 Rfd8 17. Qe2 e6 18. dxe6 Nxe6 19. Rfd1 Nxd4 20. Rxd4 Qe6 21. Rad1 Rxd4 22. Bxd4 Rd8 23. Be3 Qe8 24. Bb6 Rd7 25. Be3 Qd8 26. Rxd7 Qxd7 27. Qd2 Qxd2 28. Bxd2 Nd7 29. Be3 Kf8 30. Kf2 Bc6 31. f4 Nf6 32. h3 Ke8 33. e5 Nd5 34. Be4 Ne7 35. Bxc6+ Nxc6 36. Nd5 Kd7 37. Nb6+ Ke6 38. g4 f6 39. exf6 Bxf6 40. Na8 Bxb2 41. Nc7+ Kd6 42. Nxa6 Bxa3 43. f5 gxf5 44. gxf5 b4 45. Bc5+ Ke5 46. Kf3 Kxf5 47. Nc7 c3 48. Nd5 Ke5 49. Ne3 Nd4+ 50. Kg4 Ne6 51. Be7 Ke4 52. Nc2 b3 53. Nxa3 c2 54. Nxc2 bxc2 55. Ba3 Nf4 56. Bc1 Nd3 57. Bh6 Nf2+ 58. Kg3 Nd1 59. Kg4 Ne3+ 0-1


[Site "https://www.chess.com"]

[Event "Titled Tuesday Blitz January 31 Late 2023"]
[White "Klekowski, Maciej"]
[Black "Figorito, Nick"]
[WhiteFideId "1132717"]
[BlackFideId "30923689"]
[WhiteElo "2477"]
[BlackElo "2036"]
[Result "1-0"]
[Round "01"]
[TimeControl "180+2"]
[Date "2023.01.31"]
[WhiteClock "0:00:20"]
[BlackClock "0:00:04"]

1. c4 Nf6 2. Nc3 d5 3. cxd5 Nxd5 4. g3 g6 5. Bg2 Nxc3 6. bxc3 Bg7 7. Nf3 O-O 8. O-O c5 9. Qc2 Nc6 10. Rb1 Bf5 11. e4 Bc8 12. Rd1 b6 13. d4 cxd4 14. cxd4 Bb7 15. Bb2 Rc8 16. Qe2 Na5 17. h4 Nc4 18. Ba1 Qd6 19. h5 Na3 20. Rb2 Rc7 21. Rbd2 Rfc8 22. e5 Qd7 23. d5 Nc4 24. e6 Qe8 25. Bxg7 Kxg7 26. Rd4 f6 27. hxg6 hxg6 28. Rg4 Qh8 29. Rdd4 Qh5 30. Rxc4 Ba6 31. Rxc7 Bxe2 32. Rxe7+ Kf8 33. Rf7+ Kg8 34. Rh4 Qxd5 35. Nd4 Qe5 36. Rfh7 Bh5 37. Rd7 Rc1+ 38. Kh2 Rc8 39. Re4 Qc5 40. e7 Re8 41. Ne6 Qf5 42. Rxa7 g5 43. Nc7 Bf7 44. Nxe8 Bxe8 45. Ra8 Kf7 46. Re2 g4 47. Rxe8 Kxe8 48. Bc6+ Kf7 49. e8=Q+ Kg7 50. Re7+ Kh6 51. Qh8+ Kg5 52. Rg7+ 1-0


[Site "https://www.chess.com"]

[Event "Titled Tuesday Blitz January 31 Late 2023"]
[White "Kaganskiy, Gleb"]
[Black "Papasimakopoulos, Alexandros"]
[WhiteFideId "4132025"]
[BlackFideId "4244125"]
[WhiteElo "2205"]
[BlackElo "2401"]
[Result "0-1"]
[Round "01"]
[TimeControl "180+2"]
[Date "2023.01.31"]
[WhiteClock "0:02:18"]
[BlackClock "0:02:44"]

1. e4 e6 2. d4 d5 3. Nd2 Nf6 4. e5 Nfd7 5. Bd3 c5 6. c3 Nc6 7. Ngf3 a5 8. O-O cxd4 9. cxd4 Be7 10. Re1 g5 11. h3 h5 12. Bb5 g4 13. Bxc6 bxc6 14. hxg4 hxg4 15. Nh2 g3 16. fxg3 c5 17. Nhf3 Qb6 18. Nb3 a4 19. Nxc5 Nxc5 20. dxc5 Bxc5+ 21. Kf1 Ba6+ 0-1


[Site "https://www.chess.com"]

[Event "Titled Tuesday Blitz January 31 Late 2023"]
[White "Gonzalez, Francisco Silva"]
[Black "Erdogdu, Mert"]
[WhiteFideId "1512285"]
[BlackFideId "6301495"]
[WhiteElo "2021"]
[BlackElo "2413"]
[Result "0-1"]
[Round "01"]
[TimeControl "180+2"]
[Date "2023.01.31"]
[WhiteClock "0:00:24"]
[BlackClock "0:00:17"]

1. d4 d5 2. c4 e6 3. Nc3 c5 4. cxd5 exd5 5. Nf3 Nc6 6. dxc5 d4 7. Na4 Bxc5 8. Nxc5 Qa5+ 9. Bd2 Qxc5 10. b4 Qf5 11. a4 a6 12. b5 axb5 13. axb5 Rxa1 14. Qxa1 Qxb5 15. e3 Qd5 16. exd4 Nf6 17. Qa3 Ne4 18. Be3 Nd6 19. Bd3 O-O 20. O-O Bf5 21. Rc1 Bxd3 22. Qxd3 Ne4 23. h3 Rd8 24. Rb1 Nd6 25. Ng5 g6 26. Nf3 b5 27. Ra1 Nf5 28. Rb1 b4 29. Rd1 b3 30. Rb1 Rb8 31. Nd2 Ncxd4 32. g4 Nf3+ 33. Nxf3 Qxd3 34. Rxb3 Rxb3 35. Ne5 Rb1+ 36. Bc1 Rxc1+ 37. Kh2 Qe2 38. Nd3 Qxd3 39. h4 Qf3 0-1


[Site "https://www.chess.com"]

[Event "Titled Tuesday Blitz January 31 Late 2023"]
[White "Mazurkiewicz, Michal"]
[Black "Krysa, Leandro"]
[WhiteFideId "1124943"]
[BlackFideId "116807"]
[WhiteElo "2145"]
[BlackElo "2541"]
[Result "0-1"]
[Round "01"]
[TimeControl "180+2"]
[Date "2023.01.31"]
[WhiteClock "0:00:02"]
[BlackClock "0:00:03"]

1. e4 e5 2. Nf3 Nf6 3. d3 Nc6 4. g3 d5 5. exd5 Nxd5 6. Bg2 g6 7. O-O Bg7 8. Re1 O-O 9. c3 a5 10. Nbd2 Re8 11. a4 Nb6 12. Ne4 h6 13. Be3 Nd5 14. Qb3 Nxe3 15. Rxe3 Rb8 16. Nc5 b6 17. Qb5 Qd6 18. Ne4 Qd7 19. Nfd2 Ne7 20. Nc4 Qxb5 21. axb5 Bd7 22. Na3 Rbd8 23. Rae1 Nd5 24. R3e2 Bg4 25. f3 Bc8 26. h3 Ne7 27. Nc4 Rxd3 28. Nf2 Rdd8 29. Nxe5 Bxe5 30. Rxe5 Kf8 31. f4 Nf5 32. Ne4 Rxe5 33. fxe5 Bb7 34. g4 Bxe4 35. Bxe4 Ne7 36. Re2 Rd1+ 37. Kf2 Ke8 38. Ke3 Kd7 39. Rd2+ Rxd2 40. Kxd2 Ke6 41. Ke3 Kxe5 42. Bf3 f5 43. gxf5 Nxf5+ 44. Kd3 g5 45. Bg4 Nd6 46. c4 Ne4 47. Bc8 Nc5+ 48. Kc3 h5 49. b4 axb4+ 50. Kxb4 Kf4 51. Kc3 g4 52. hxg4 hxg4 53. Kd4 g3 54. Bh3 Nb3+ 55. Kd5 Nd2 56. Kc6 Nxc4 57. Kxc7 Ke5 58. Kc6 Kd4 59. Bf1 Kc3 60. Bg2 Kb4 61. Bf1 Ka5 62. Bg2 Na3 63. Bf1 Nxb5 64. Bxb5 g2 65. Be2 g1=Q 0-1


[Site "https://www.chess.com"]

[Event "Titled Tuesday Blitz January 31 Late 2023"]
[White "Nazari, Arad"]
[Black "Freile Martin, Javier"]
[WhiteFideId "12577324"]
[BlackFideId "3600165"]
[WhiteElo "2367"]
[BlackElo "2329"]
[Result "1-0"]
[Round "01"]
[TimeControl "180+2"]
[Date "2023.01.31"]
[WhiteClock "0:00:15"]
[BlackClock "0:01:00"]

1. e4 c5 2. Nf3 d6 3. Bb5+ Nd7 4. d4 cxd4 5. Qxd4 Nf6 6. O-O e6 7. c4 Be7 8. b3 O-O 9. Bxd7 Bxd7 10. Nc3 Qc7 11. a4 Rfd8 12. Ba3 a6 13. Rfd1 Be8 14. Rac1 Bf8 15. h3 Qb8 16. Qb6 Nd7 17. Qe3 Nf6 18. e5 dxe5 19. Bxf8 Rxd1+ 20. Rxd1 Kxf8 21. Qc5+ Kg8 22. Nxe5 Qc8 23. Qe7 Qb8 24. Rd6 b5 25. axb5 axb5 26. c5 b4 27. Ne2 Ne4 28. Nd4 Nxd6 29. cxd6 Ra7 30. d7 Ra1+ 31. Kh2 Bxd7 32. Qxf7+ Kh8 33. Qxd7 Qxe5+ 34. g3 h6 35. Nxe6 Re1 36. Qe8+ Kh7 37. Nf8+ Kg8 38. Ne6+ Kh7 39. Nf8+ Kh8 40. Ng6+ Kh7 41. Nxe5 1-0


[Site "https://www.chess.com"]

[Event "Titled Tuesday Blitz January 31 Late 2023"]
[White "Dzida, Kamil"]
[Black "Bazeev, German"]
[WhiteFideId "21828652"]
[BlackFideId "24119350"]
[WhiteElo "2352"]
[BlackElo "2369"]
[Result "1/2-1/2"]
[Round "01"]
[TimeControl "180+2"]
[Date "2023.01.31"]
[WhiteClock "0:00:19"]
[BlackClock "0:00:09"]

1. d4 Nf6 2. Nf3 b6 3. c4 e6 4. g3 Bb7 5. Bg2 Bb4+ 6. Bd2 c5 7. O-O O-O 8. Bc3 d6 9. a3 Bxc3 10. Nxc3 Qe7 11. e3 Nbd7 12. b3 a6 13. Qd2 Rad8 14. Rfd1 h6 15. Na4 Bc6 16. Nc3 Bb7 17. Na4 Rfe8 18. dxc5 Nxc5 19. Qb4 Nxa4 20. bxa4 Qc7 21. Rab1 Bxf3 22. Bxf3 Rb8 23. Qxd6 Qxc4 24. Rxb6 Rbd8 25. Qxd8 Rxd8 26. Rxd8+ Kh7 27. Ra8 Ne4 28. Bxe4+ Qxe4 29. Raxa6 Qd3 30. Rd6 Qb1+ 31. Kg2 Qe4+ 32. Kf1 Qb1+ 33. Ke2 Qc2+ 34. Kf3 Qf5+ 35. Kg2 Qe4+ 36. Kf1 Qb1+ 37. Ke2 Qc2+ 38. Ke1 Qc1+ 39. Rd1 Qc3+ 40. Rd2 Qc1+ 41. Rd1 Qc3+ 42. Rd2 Qc1+ 43. Rd1 1/2-1/2


[Site "https://www.chess.com"]